 Dungeon Crawl Stone Soup version 0.20.0-15-g7f486f2 (webtiles) character file.

63 Hook the Digger (level 4, -4/24 HPs)
             Began as a Gargoyle Earth Elementalist on June 23, 2017.
             Slain by a hobgoblin (6 damage)
             ... led by Robin
             ... on level 3 of the Dungeon.
             The game lasted 00:05:31 (2233 turns).

Hook the Digger (Gargoyle Earth Elementalist)       Turns: 2233, Time: 00:05:32

Health: -4/24      AC:  6    Str: 11    XL:     4   Next: 9%
Magic:  1/8        EV: 12    Int: 17    God:
Gold:   100        SH:  0    Dex: 10    Spells: 5/8 levels left

rFire    . . .     SeeInvis .   j - +0 mace
rCold    . . .     Gourm    .   (no shield)
rNeg     + . .     Faith    .   c - +0 robe
rPois    ∞         Spirit   .   (no helmet)
rElec    +         Reflect  .   (no cloak)
rCorr    .         Harm     .   f - +0 pair of gloves
MR       .....                  (no boots)
Stlth    ++........             (no amulet)
Regen    0.1/turn               (no ring)
MPRegen  0.2/turn               (no ring)

@: no status effects
A: negative energy resistance 1, electricity resistance, unbreathing,
petrification resistance, rot immunity, AC +3
a: no special abilities


You were on level 3 of the Dungeon.
You were not hungry.

You visited 1 branch of the dungeon, and saw 3 of its levels.

You collected 100 gold pieces.

Inventory:

Hand Weapons
 j - a +0 mace (weapon)
Missiles
 b - 21 stones (quivered)
Armour
 c - a +0 robe (worn)
 f - a +0 pair of gloves (worn)
Jewellery
 i - an uncursed amulet of faith {unknown}
Scrolls
 k - 2 scrolls of remove curse {unknown}
 m - a scroll of teleportation {unknown}
 p - a scroll of recharging {unknown}
Potions
 a - 5 potions of heal wounds {unknown}
 h - a potion of resistance {unknown}
 l - a potion of agility {unknown}
 n - a potion of curing {unknown}
 o - a potion of degeneration {unknown}
 q - a potion of mutation {unknown}
 s - a potion of lignification {unknown}
Books
 e - a book of Geomancy

   Spells                             Type                      Level
   a - Sandblast                      Earth                        1
   b - Passwall                       Transmutation/Earth          2
   c - Stone Arrow                    Conjuration/Earth            3
   d - Petrify                        Transmutation/Earth          4
   e - Lee's Rapid Deconstruction     Earth                        5
Comestibles
 d - a bread ration
 g - 3 royal jellies
 r - a meat ration


   Skills:
 + Level 1.1 Maces & Flails
 + Level 1.9 Dodging
 + Level 2.4 Stealth
 * Level 2.8 Spellcasting
 + Level 0.7 Transmutations
 * Level 4.3 Earth Magic


You had 5 spell levels left.
You knew the following spells:

 Your Spells              Type           Power        Failure   Level  Hunger
a - Sandblast             Erth           ###...       3%          1    #......
b - Passwall              Tmut/Erth      ##........   10%         2    ##.....


Dungeon Overview and Level Annotations

Branches:
Dungeon (3/15)

Altars:
Okawaru

Annotations:
D:3 Sigmund


Innate Abilities, Weirdness & Mutations

You are resistant to torment.
Your stone body is resilient. (AC +3)
You are immune to poison.
You resist negative energy. (rN+)
You are resistant to electric shocks. (rElec)
You can survive without breathing.
You are immune to petrification.
You are immune to rotting.


Message History

The hobgoblin hits you with a club.
You barely miss the hobgoblin.
The hobgoblin is severely wounded.
The hobgoblin hits you. The hobgoblin barely misses you.
Your magical contamination has completely faded away.
You hit the hobgoblin but do no damage.
The hobgoblin is severely wounded.
The hobgoblin closely misses you. The hobgoblin barely misses you. x2
You barely miss the hobgoblin.
The hobgoblin is severely wounded.
The hobgoblin hits you with a club!
* * * LOW HITPOINT WARNING * * *
The hobgoblin barely misses you. The hobgoblin hits you with a club.
* * * LOW HITPOINT WARNING * * *
You closely miss the hobgoblin.
The hobgoblin is severely wounded.
The goblin no longer looks unusually strong.
The hobgoblin no longer looks unusually strong.
The hobgoblin hits you.
You die...

#.# #.# #.# #.#
#.##########
#...>......#
##########.# gg
#.###gg #)@g#gg
###g#g# #g#(#
#g#g# ######.#.#
.....)....#
#######......!..
##########


You could see 3 hobgoblins and a goblin.

Vanquished Creatures
  Robin (D:3)
  An adder (D:3)
  2 dart slugs (D:1)
  A leopard gecko (D:3)
  An orc (D:3)
  3 giant cockroaches
  4 goblins
  8 hobgoblins
  2 jackals (D:2)
  2 ball pythons (D:2)
  2 bats (D:1)
  A frilled lizard (D:2)
  2 kobolds
  7 rats
37 creatures vanquished.

Notes
Turn   | Place    | Note
-------+----------+-------------------------------------------
     0 | D:1      | Hook the Gargoyle Earth Elementalist began the quest for the Orb.
     0 | D:1      | Reached XP level 1. HP: 10/10 MP: 3/3
   588 | D:1      | Reached XP level 2. HP: 15/15 MP: 1/5
   637 | D:1      | Learned a level 2 spell: Passwall
   674 | D:1      | Reached skill level 4 in Earth Magic
  1336 | D:2      | Found an iron altar of Okawaru.
  1472 | D:2      | Reached XP level 3. HP: 15/19 MP: 6/6
  1890 | D:3      | Noticed Sigmund
  2106 | D:3      | Reached skill level 1 in Maces & Flails
  2204 | D:3      | Noticed Robin
  2227 | D:3      | Killed Robin
  2227 | D:3      | Reached XP level 4. HP: 22/24 MP: 0/8
  2233 | D:3      | Slain by a hobgoblin

Skill      XL: |  1  2  3 |
---------------+----------+-----
Earth Magic    | 4 |  4.3
Maces & Flails | 1 |  1.1
Dodging        | |  1.9
Stealth        | |  2.4
Spellcasting   | |  2.8
Transmutations | |  0.7

Action                   |  1- 3 |  4- 6 || total
-------------------------+-------+-------++-------
Melee: Unarmed           |    21 |       ||    21
       Mace              |    58 |     6 ||    64
 Cast: Sandblast         |    22 |     1 ||    23
       Passwall          |     1 |       ||     1
 Stab: Sleeping          |     3 |       ||     3
  Eat: Chunk             |     3 |       ||     3
       Bread ration      |     1 |       ||     1
Armor: Robe              |    41 |       ||    41
Dodge: Dodged            |    54 |     5 ||    59
